 Dungeon Crawl Stone Soup version 0.17-a0-1804-gf6433eb (webtiles) character file.

36 luca467 the Grasshopper (level 3, 22/25 HPs)
             Began as an Octopode Warper on Sept 11, 2015.
             Quit the game on level 1 of the Dungeon.
             The game lasted 00:05:06 (1470 turns).

luca467 the Grasshopper (Octopode Warper)           Turns: 1470, Time: 00:05:06

Health: 22/25      AC:  1    Str: 10    XL:     3   Next: 37%
Magic:  6/6        EV: 12    Int: 15    God:
Gold:   6          SH:  0    Dex: 12    Spells: 1 memorised, 5 levels left

rFire  . . .     SeeInvis .     a - +0 short sword
rCold  . . .     Clarity  .     (no shield)
rNeg   . . .     SustAt   .     (helmet restricted)
rPois  .         Gourm    .     (no amulet)
rElec  .         Spirit   .     (no ring)
rCorr  .         Warding  .     (no ring)
rMut   .         Stasis   .     (no ring)
MR     .....                    (no ring)
Stlth  +++.......               (no ring)
                                (no ring)
                                (no ring)
                                (no ring)

@: not resistant to hostile enchantments, fairly stealthy
A: almost no armour, amphibious, 8 rings, constrict 8, camouflage 1, gelatinous
body 1
a: no special abilities


You were on level 1 of the Dungeon.
You were hungry.

You visited 1 branch of the dungeon, and saw 1 of its levels.

You collected 6 gold pieces.

Inventory:

Hand weapons
 a - a +0 short sword (weapon)
 g - a +0 dagger
Missiles
 d - 5 tomahawks of dispersal (quivered)
Scrolls
 c - a scroll of blinking
 h - 2 scrolls of noise {unknown}
 i - a scroll of identify {unknown}
Books
 b - a book of Spatial Translocations

   Spells                             Type                      Level
   a - Apportation                    Translocation                1
   b - Blink                          Translocation                2
   c - Shroud of Golubria             Charms/Translocation         2
   d - Portal Projectile              Translocation                3
   e - Teleport Other                 Translocation                3
   f - Passage of Golubria            Translocation                4
Comestibles
 e - a bread ration
 f - 3 fruits


   Skills:
 + Level 2.5 Fighting
 * Level 2.6 Short Blades
 - Level 1.0 Throwing
 + Level 2.6 Dodging
 + Level 1.9 Stealth
 - Level 2.0 Spellcasting
 - Level 3.0 Translocations


You had 5 spell levels left.
You knew the following spells:

 Your Spells              Type           Power        Failure   Level  Hunger
a - Apportation           Tloc           ##........   8%          1    #......


Dungeon Overview and Level Annotations

Branches:
Dungeon (1/15)

Altars:


Innate Abilities, Weirdness & Mutations

You cannot wear most types of armour.
You are amphibious.
You can wear up to eight rings at the same time.
You can use your tentacles to constrict eight enemies at once.
Your skin changes colour to match your surroundings (Stealth).
Your rubbery body absorbs attacks (AC +1).


Message History

You puncture the rat!
You kill the rat!
A kobold comes into view. It is wielding a dagger.
You see here a club.
You catch the helpless kobold momentarily off-guard.
You hit the kobold. You grab the kobold.
The kobold is severely wounded.
You constrict the kobold, but do no damage.
The kobold hits you with a dagger.
You hit the kobold but do no damage.
You squeeze the kobold, but do no damage.
The kobold is severely wounded.
You constrict the kobold.
You kill the kobold!
Things that are here:
a dagger; a kobold corpse You see here a bat skeleton.
Quiver which item? (- for none, * to show all) (? for menu, Esc to quit)
Okay, then.
Are you sure you want to abandon this character and quit the game? (Confirm with "yes".)

#.# #.#
#.#.####.##.#...####
#.# #.#
#.......†...#.......
#.## #.#
###.............####
#..# #.#
#.####.###########
##.# #.# #)# #.#
...... ###.# #.# #.#
#.. .##### .(..# #.#
#.# #### ....# #.#
#.# ...## #.### #@#
#.## #...# #.# #.#
#...# #÷# #.# #...#
#.# #.# ##.## ###.#
#.# #.# #.)># #.#
#.# #.### #.# #.#
#.# #.# ##.# #.#
####


There were no monsters in sight!

Vanquished Creatures
  2 oozes (D:1)
  3 goblins (D:1)
  5 hobgoblins (D:1)
  3 jackals (D:1)
  A ball python (D:1)
  4 bats (D:1)
  A giant newt (D:1)
  2 kobolds (D:1)
  5 rats (D:1)
26 creatures vanquished.

Notes
Turn   | Place    | Note
--------------------------------------------------------------
     0 | D:1      | luca467 the Octopode Warper began the quest for the Orb.
     0 | D:1      | Reached XP level 1. HP: 14/14 MP: 3/3
   491 | D:1      | Reached skill level 1 in Stealth
   503 | D:1      | Reached XP level 2. HP: 13/19 MP: 5/5
  1071 | D:1      | Reached XP level 3. HP: 22/25 MP: 6/6
  1470 | D:1      | Quit the game

Vault maps used:
D:1:      kilobyte_arrival_exit_the_forest

Action                   || total
-------------------------++-------
Melee: Short sword       ||    56
 Stab: Sleeping          ||     2
       Distracted        ||     2
  Eat: Chunk             ||     1
